 Dungeon Crawl Stone Soup version 0.25.1-2-g60ff931df9 (webtiles) character file.

Game seed: 11091431534595883545

53 Delamore the Cudgeler (level 3, -4/23 HPs)
             Began as a Gargoyle Fighter on Aug 8, 2020.
             Was an Initiate of Okawaru.
             Slain by a goblin (5 damage)
             ... led by Robin
             ... on level 2 of the Dungeon.
             The game lasted 00:01:07 (1511 turns).

Delamore the Cudgeler (Gargoyle Fighter)            Turns: 1511, Time: 00:01:08

Health: -4/23      AC: 11    Str: 20    XL:     3   Next: 89%
Magic:  3/3        EV:  7    Int:  8    God:    Okawaru [......]
Gold:   104        SH:  9    Dex:  9    Spells: 2/2 levels left

rFire    . . .     SeeInvis .   l - -3 mace (curse)
rCold    . . .     Gourm    .   c - +0 kite shield
rNeg     + . .     Faith    .   b - +0 scale mail
rPois    ∞         Spirit   .   (no helmet)
rElec    +         Reflect  .   i - +0 cloak
rCorr    .         Harm     .   (no gloves)
MR       .....                  (no boots)
Stlth    ..........             (no amulet)
HPRegen  0.07/turn              h - ring of flight
MPRegen  0.08/turn              (no ring)

@: no status effects
A: negative energy resistance 1, electricity resistance, unbreathing,
petrification resistance, rot immunity, AC +3
a: Renounce Religion, Evoke Flight


You were on level 2 of the Dungeon.
You worshipped Okawaru.
Okawaru was noncommittal.
You were not hungry.

You visited 1 branch of the dungeon, and saw 2 of its levels.

You collected 104 gold pieces.

Inventory:

Hand Weapons
 a - a +0 flail
 l - a cursed -3 mace (weapon)
Armour
 b - a +0 scale mail (worn)
 c - a +0 kite shield (worn)
 i - a +0 cloak (worn)
Jewellery
 h - a ring of flight (left hand)
Potions
 d - a potion of might
 e - a potion of heal wounds
 g - a potion of haste {unknown}
 j - a potion of brilliance {unknown}
 k - 2 potions of mutation {unknown}
Comestibles
 f - 3 rations


   Skills:
 - Level 3.2 Fighting
 + Level 4.1 Maces & Flails
 - Level 3.2 Armour
 - Level 3.2 Shields


You had 2 spell levels left.
You didn't know any spells.
Your spell library was empty.

Dungeon Overview and Level Annotations

Branches:
Dungeon (2/15)

Altars:
Okawaru

Annotations:
D:2 Robin


Innate Abilities, Weirdness & Mutations

You are resistant to torment.
Your stone body is resilient. (AC +3)
You are immune to poison.
You resist negative energy. (rN+)
You are resistant to electric shocks. (rElec)
You can survive without breathing.
You are immune to petrification.
You are immune to rotting.


Message History

You kill the goblin!
Okawaru accepts your kill. You block the hobgoblin's attack.
The hobgoblin barely misses you. The goblin completely misses you.
The goblin hits you but does no damage.
You hit the goblin.
The goblin is moderately wounded.
You block the hobgoblin's attack. You block the goblin's attack.
The hobgoblin barely misses you. The goblin hits you but does no damage.
The goblin hits you with a +0 dagger.
You closely miss the goblin.
The goblin is moderately wounded.
The goblin no longer looks unusually strong.
The hobgoblin hits you but does no damage.
You block the goblin's attack. You block the hobgoblin's attack.
The goblin hits you.
* * * LOW HITPOINT WARNING * * *
The goblin hits you but does no damage. The hobgoblin hits you.
* * * LOW HITPOINT WARNING * * *
You block the goblin's attack. The goblin hits you.
You die...

#.....##.......##.#
###...............#
#...####.########
##### ##.## #.).#
#...# #...# #gg.#
#@gg#


#ggg# gg..... .gg....... ..>........ ##.#....#### #.#..... #.#....## You could
see Robin, 3 hobgoblins and 7 goblins.

Vanquished Creatures
  2 adders (D:2)
  An ooze (D:2)
  A dart slug (D:1)
  A leopard gecko (D:2)
  A giant cockroach (D:2)
  4 goblins (D:2)
  3 hobgoblins (D:1)
  5 jackals
  5 bats (D:1)
  2 kobolds (D:1)
  2 rats (D:1)
27 creatures vanquished.

Notes
Turn   | Place    | Note
-------+----------+-------------------------------------------
     0 | D:1      | Delamore the Gargoyle Fighter began the quest for the Orb.
     0 | D:1      | Reached XP level 1. HP: 14/14 MP: 1/1
   131 | D:1      | Reached XP level 2. HP: 8/19 MP: 2/2
   715 | D:1      | Reached skill level 3 in Maces & Flails
   717 | D:1      | Found an iron altar of Okawaru.
   724 | D:1      | Became a worshipper of Warmaster Okawaru
  1090 | D:2      | Reached XP level 3. HP: 18/23 MP: 3/3
  1180 | D:2      | Reached skill level 4 in Maces & Flails
  1432 | D:2      | Found a faded altar of an unknown god.
  1494 | D:2      | Noticed Robin
  1511 | D:2      | HP: 1/23 [hobgoblin[Robin] (5)]
  1511 | D:2      | Slain by a goblin

Illustrated notes

Levels and vault maps discovered:
D:1:      saegor_arrival_miasma, layout_loops_ring, columned_hall_lemuel,
          okawaru_ov_weapons_minmay
D:2:      layout_loops_cross, old_standard_altar,
          chequers_ecumenical_altar_island, uniq_robin

Skill      XL: |  1  2  3 |
---------------+----------+-----
Maces & Flails | 3 4 |  4.1
Fighting       | |  3.2
Armour         | |  3.2
Shields        | |  3.2

Action                   || total
-------------------------++-------
Melee: Flail             ||    67
       Mace              ||   126
  Use: Scroll            ||     2
  Eat: Chunk             ||     2
Armor: Scale mail        ||   187
Dodge: Dodged            ||   120
Block: Kite shield       ||   158
